 Dungeon Crawl Stone Soup version 0.23.1 (webtiles) character file.

Game seed: 1765294951097238258

79 Gargoyl the Skirmisher (level 4, -5/39 HPs)
             Began as a Centaur Abyssal Knight on Mar 17, 2019.
             Was a Believer of Lugonu.
             Killed by nerve-wracking pain
             ... invoked by an orc priest
              (9 damage)
             ... on level 2 of the Dungeon.
             The game lasted 00:03:07 (2387 turns).

Gargoyl the Skirmisher (Centaur Abyssal Knight)     Turns: 2387, Time: 00:03:08

Health: -5/39      AC:  8    Str: 15    XL:     4   Next: 17%
Magic:  5/5        EV:  2    Int: 11    God:    Lugonu [**....]
Gold:   102        SH:  0    Dex:  9    Spells: 3/3 levels left

rFire    . . .     SeeInvis .   a - +1 hand axe
rCold    . . .     Gourm    .   (no shield)
rNeg     . . .     Faith    .   k - +0 plate armour
rPois    .         Spirit   .   (no helmet)
rElec    .         Reflect  .   (no cloak)
rCorr    .         Harm     .   (no gloves)
MR       .....                  (no barding)
Stlth    ..........             e - amulet of the acrobat
HPRegen  0.13/turn              (no ring)
MPRegen  0.09/turn              (no ring)

@: lightly drained, very quick
A: large, hooves 3, deformed body, speed 2, tough skin 3
a: Depart the Abyss, Bend Space, Renounce Religion


You were on level 2 of the Dungeon.
You worshipped Lugonu.
Lugonu was pleased with you.
You were not hungry.

You visited 1 branch of the dungeon, and saw 3 of its levels.
You visited the Abyss 1 time.

You collected 102 gold pieces.

Inventory:

Hand Weapons
 a - a +1 hand axe (weapon)
Armour
 k - a +0 plate armour (worn)
Jewellery
 e - an amulet of the acrobat (around neck)
Scrolls
 b - 4 scrolls of teleportation
 f - a scroll of identify
 h - a scroll of remove curse
Potions
 i - 2 potions of heal wounds
 l - 2 potions of curing
Comestibles
 c - 4 rations


   Skills:
 + Level 3.6(3.4) Fighting
 + Level 2.5(2.3) Axes
 * Level 2.0(1.9) Armour
 * Level 1.2(1.1) Dodging
 * Level 2.4(2.2) Invocations


You had 3 spell levels left.
You didn't know any spells.
Your spell library was empty.

Dungeon Overview and Level Annotations

Branches:
Dungeon (3/15)

Altars:
Ashenzari


Innate Abilities, Weirdness & Mutations

You have hooves in place of feet.
Armour fits poorly on your strangely shaped body.
You cover ground very quickly.
You have extremely tough skin. (AC +3)


Message History

The orc priest is almost dead.
The orc priest calls down the wrath of Beogh upon you.
Beogh smites you!
* * * LOW HITPOINT WARNING * * *
Your plate armour prevents you from hitting the orc priest.
The orc priest is almost dead.
The orc priest hits you with a +0 hand axe.
* * * LOW HITPOINT WARNING * * *
Your plate armour prevents you from hitting the orc priest.
The orc priest is almost dead.
The orc priest hits you but does no damage.
You hit the orc priest but do no damage.
You kick the orc priest, but do no damage.
The orc priest is almost dead.
The orc priest hits you but does no damage.
You closely miss the orc priest.
The orc priest is almost dead.
The orc priest invokes the aid of Beogh against you.
Pain shoots through your body!
You die...

###...###.#.####.#####
#.......#.#.####..###.
#.........###......##.
#...........##.....##.
#..[.........##....##.
#......(......##....#.
#.........#....##.....
#####....#####....##....
####.....o@.#
##....###..
##....###....#
#.##......
######.....##....##
#....#####
...........##....##
####.#
######............# #.#
##...........# #.#
####........# #.#
#.##...### ##.## #
#.##...# #...# #


You could see an orc priest.

Vanquished Creatures
  2 adders
  3 dart slugs
  2 leopard geckos
  3 orcs (D:2)
  2 giant cockroaches
  8 goblins
  8 hobgoblins
  5 bats
  2 frilled lizards
  7 kobolds
  8 rats
50 creatures vanquished.

Notes
Turn   | Place    | Note
-------+----------+-------------------------------------------
     0 | Abyss:1  | Gargoyl the Centaur Abyssal Knight began the quest for the
                  | Orb.
     0 | Abyss:1  | Reached XP level 1. HP: 19/19 MP: 2/2
    51 | Abyss:1  | Noticed an apocalypse crab
    54 | Abyss:1  | Paralysed by you for 3 turns
    62 | Abyss:1  | Noticed an iron imp
    95 | Abyss:2  | Noticed a starcursed mass
   101 | D:1      | Escaped the Abyss
   120 | D:1      | Found a shattered altar of Ashenzari.
   364 | D:1      | Reached * piety under Lugonu
   677 | D:1      | Reached XP level 2. HP: 24/26 MP: 3/3
   882 | D:1      | Reached skill level 1 in Dodging
  1032 | D:1      | Reached XP level 3. HP: 20/31 MP: 4/4
  1894 | D:2      | Found a faded altar of an unknown god.
  1899 | D:2      | Reached ** piety under Lugonu
  2126 | D:2      | Reached XP level 4. HP: 31/38 MP: 5/5
  2387 | D:2      | Killed from afar by an orc priest

Skill      XL: |  1  2  3  4 |
---------------+-------------+-----
Axes           | 2 |  2.5
Dodging        | 1 |  1.2
Armour         | 2 |  2.0
Fighting       | |  3.6
Invocations    | |  2.4

Action                   |  1- 3 |  4- 6 || total
-------------------------+-------+-------++-------
Melee: Hand axe          |   113 |    19 ||   132
       Kick              |    18 |     4 ||    22
Invok: Depart the Abyss  |     1 |       ||     1
  Use: Scroll            |     8 |     4 ||    12
       Potion            |     1 |       ||     1
  Eat: Chunk             |     2 |     2 ||     4
Armor: Chain mail        |    76 |       ||    76
       Leather armour    |     1 |       ||     1
       Plate armour      |    24 |    17 ||    41
Dodge: Dodged            |    50 |     6 ||    56
